Description

I saw this build had been posted to spawningtool, but didn't have a SALT encoding. So I made this replay for practice.

Being diamond 2 myself, it's possible for this build to be executed more quickly.

VOD

https://youtu.be/xJRfJ3F9oLE?t=4335

Replay - PiG B2GM PvT Diamond 2 Disruptor drop fixed (SALT)

Build Order

Get SALT Encoding   

  6  0:00  Probe  
  13  0:12  Probe  
  14  0:16  Pylon  
  14  0:24  Probe (Chrono Boost)  
  15  0:35  Gateway  Ignore the 15, just go 16 gateway like normal
  15  0:36  Probe (Chrono Boost)  
  16  0:44  Probe (Chrono Boost)  
  16  0:45  Assimilator  
  17  0:51  Probe  
  18  1:03  Probe  
  19  1:15  Probe  
  20  1:22  Nexus  Pause at 20 probes to get both the nexus and core at 20 supply
  20  1:31  Cybernetics Core  
  20  1:34  Probe  
  20  1:39  Assimilator  
  20  1:46  Probe  
  22  1:48  Pylon  
  23  2:05  Adept (Chrono Boost)  Use this to scout across the map and make the terran practice depot micro
  23  2:08  Warp Gate  
  26  2:21  Robotics Facility  
  27  2:32  Stalker (Chrono Boost)  You can chrono this if you want to be safe against a reaper
  33  2:54  Stalker (Chrono Boost)  
  36  3:04  Gateway x2  Use these gateways to wall the natural in case of hellion drivebys
  39  3:19  Robotics Bay  
  40  3:23  Observer  Send this across the map to see which 2 base all in the terran is doing this time
  42  3:29  Pylon  
  43  3:37  Assimilator x2  
  45  3:52  Pylon  
  47  4:00  Shield Battery  Safety battery at natural
  48  4:04  Stalker x2  warp these in main to defend against widow mine drops unless you think probe explosions are pretty
  53  4:12  Warp Prism (Chrono Boost)  
  56  4:18  Gravitic Drive  
  55  4:24  Pylon  
  58  4:40  Disruptor (Chrono Boost)  
  63  4:57  Nexus  
  66  5:13  Disruptor (Chrono Boost)  Drop with these 2 disruptors at terran natural, or hit their army when they look down at their Prima strategy guide
  71  5:23  Stalker x2  
  76  5:34  Twilight Council  Blink
  77  5:36  Forge  +1 Attack
  77  5:39  Shield Battery  At 3rd
  80  5:42  Observer  
  80  5:47  Stalker  
  83  5:54  Gateway x2  
  84  6:01  Gateway  
  85  6:05  Observer  
  85  6:10  Stalker x2  
  90  6:16  Assimilator x2  
  95  6:33  Disruptor  
  95  6:37  Stalker  
  105  6:56  Nexus  
  105  7:04  Assimilator x2  
  108  7:09  Robotics Facility  
  108  7:17  Gateway x3  
  108  7:22  Gateway  
Spawning Tool Build Advisor. Get it on Overwolf

Analysis

This is based off of Game 4 of PiG's Protoss B2GM, diamond 2. It's roughly the same, but builds most things slightly earlier than him since he was going slower on purpose. +1 and blink could start earlier.

You get 2 disruptors to drop with warp prism speed, then get more gateways, blink, and a second robo bay to go into blink stalker/disruptor.

Go to:

Details

  • Created by: flashandfoul
  • Published on: Oct 24, 2022
  • Modified on: Oct 24, 2022
  • Patch: 4.11.0
  • Difficulty: Medium
Show
View Real Time Build Order
Export as new Build Order

Comments (0)

There are no comments. Be the first!

Create an account to comment!